 Dungeon Crawl Stone Soup version 0.31-a0-221-gbddc013574 (webtiles) character file.

Game seed: 7425477482040151859

21 reriks the Firebug (level 2, -1/15 HPs)
             Began as a Deep Elf Fire Elementalist on July 5, 2023.
             Was a Follower of Wu Jian.
             Slain by a rat (2 damage)
             ... on level 1 of the Dungeon.
             The game lasted 00:01:00 (1534 turns).

reriks the Firebug (Deep Elf Fire Elementalist)     Turns: 1534, Time: 00:01:00

Health: -1/15      AC:  2    Str:  5    XL:     2   Next: 62%
Magic:  8/8        EV: 13    Int: 19    God:    Wu Jian [*.....]
Gold:   68         SH:  0    Dex: 15    Spells: 6/7 levels left

rFire   . . .        (no weapon)
rCold   . . .        (no shield)
rNeg    . . .        a - +0 robe
rPois   .            (no helmet)
rElec   .            (no cloak)
rCorr   .            (no gloves)
SInv    .            (no boots)
Will    .....        (no amulet)
Stlth   ++           (no ring)
HPRegen 0.22/turn    (no ring)
MPRegen 0.11/turn

%: no passive effects
@: no status effects
A: no striking features
a: Renounce Religion


You were on level 1 of the Dungeon.
You worshipped Wu Jian.
Wu Jian was aware of your devotion.
You visited 1 branch of the dungeon, and saw 1 of its levels.

You collected 68 gold pieces.

Inventory:

Armour
 a - a +0 robe (worn)
Jewellery
 c - a +6 ring of intelligence
Scrolls
 d - a scroll of amnesia {unknown}
Potions
 b - 2 potions of magic


   Skills:
 + Level 2.8 Dodging
 + Level 2.8 Stealth
 + Level 3.3 Spellcasting
 + Level 1.5 Conjurations
 + Level 3.5 Fire Magic


You had 6 spell levels left.
You knew the following spells:

 Your Spells              Type           Power      Damage    Failure   Level
a - Foxfire               Conj/Fire      48%        2x1d6     5%          1

Your spell library contained the following spells:

 Spells                   Type           Power      Damage    Failure   Level
 Scorch                   Fire           32%        2d6       5%          2
 Inner Flame              Hex/Fire       9%         N/A       22%         3
 Volatile Blastmotes      Fire/Tloc      18%        2d11      22%         3
 Flame Wave               Conj/Fire      12%        2d6       45%         4


Dungeon Overview and Level Annotations

Branches:
Dungeon (1/15)

Altars:
Wu Jian

Shops:
D:1 *


Message History

The rat bites you. The rat bites you but does no damage. The rat bites you.
The rat closely misses you. The rat closely misses you. The rat bites you.
The rat closely misses you. The rat barely misses you. The rat misses you.
The rat bites you. The rat closely misses you. The rat completely misses you.
The rat barely misses you. The rat bites you but does no damage.
The rat barely misses you. The rat barely misses you. The rat bites you.
The rat closely misses you. The rat misses you. The rat misses you.
The rat bites you. The rat bites you. The rat closely misses you.
The rat closely misses you. The rat closely misses you.
The rat bites you but does no damage. The rat barely misses you.
The rat closely misses you. The rat bites you.
* * * LOW HITPOINT WARNING * * *
The rat closely misses you. The rat barely misses you. The rat bites you.
* * * LOW HITPOINT WARNING * * *
The rat barely misses you. The rat closely misses you. The rat bites you.
* * * LOW HITPOINT WARNING * * *
The rat bites you.
You die...

#.....#..#.# #
..........#.#
#
#####.###.#.#
# ###.......#
# #.......###
#
#.####.#######
#...........#
######.[..#b#
#.@...#
#.#r..# #.
...# #. ####
#. ##


You could see a rat.

Vanquished Creatures
  A dart slug (D:1)
  A bat (D:1)
  2 endoplasms (D:1)
  3 giant cockroaches (D:1)
  4 hobgoblins (D:1)
  A ball python (D:1)
  A frilled lizard (D:1)
  A goblin (D:1)
  2 kobolds (D:1)
  A rat (D:1)
17 creatures vanquished.

Vanquished Creatures (others)
  74 foxfires (D:1)
74 creatures vanquished.

Grand Total: 91 creatures vanquished

Notes
Turn   | Place    | Note
-------+----------+-------------------------------------------
     0 | D:1      | reriks the Deep Elf Fire Elementalist began the quest for
                  | the Orb.
     0 | D:1      | Reached XP level 1. HP: 10/10 MP: 6/6
   346 | D:1      | Found Tuloul's General Store.
   354 | D:1      | Reached XP level 2. HP: 15/15 MP: 1/8
   842 | D:1      | Found a faded altar of an unknown god.
   980 | D:1      | Prayed at the altar of an unknown god.
   980 | D:1      | Became a worshipper of the Wu Jian Council
   980 | D:1      | Reached * piety under Wu Jian
  1534 | D:1      | Slain by a rat

Illustrated notes

Levels and vault maps discovered:
D:1:      wander_arrival_estate, layout_basic, serial_shops, shop,
          chequers_ecumenical_altar_twisty

Action                     || total
---------------------------++-------
  Melee: Unarmed           ||    17
   Cast: Foxfire           ||    50
 Armour: Robe              ||     7
  Dodge: Dodged            ||    39

Table legend: (Time is in decaauts)
 A = Elapsed time spent in this place.
 B = Non-inter-level travel time spent in this place.
 C = Inter-level travel time spent in this place.
 D = Time resting spent in this place.
 E = Time spent auto-exploring this place.
 F = Levels seen in this place.
 G = Mean time per level.
                   A        B        C        D        E       F      G
               +--------+--------+--------+--------+--------+-----+--------+
         Total |   1534 |   1534 |      0 |    791 |    575 |   1 | 1534.0 |
       Dungeon |   1534 |   1534 |      0 |    791 |    575 |   1 | 1534.0 |
               +--------+--------+--------+--------+--------+-----+--------+

Top non-repeatable levels by time:
     D:1: 1534 daAuts
